 Dungeon Crawl Stone Soup version 0.21.1-1-g345015fe64 (webtiles) character file.

60 Peloso the Skirmisher (level 3, 0/29 HPs)
             Began as a Demonspawn Fighter on May 13, 2018.
             Slain by a kobold
             ... wielding a +0 dagger
              (2 damage)
             ... on level 2 of the Dungeon.
             The game lasted 00:02:18 (951 turns).

Peloso the Skirmisher (Demonspawn Fighter)           Turns: 951, Time: 00:02:19

Health: 0/29       AC:  7    Str: 17    XL:     3   Next: 80%
Magic:  3/3        EV:  4    Int:  9    God:
Gold:   31         SH: 10    Dex: 14    Spells: 2/2 levels left

rFire    . . .     SeeInvis .   m - -2 spear (curse)
rCold    + . .     Gourm    .   c - +1 shield
rNeg     . . .     Faith    .   b - +0 scale mail
rPois    .         Spirit   .   (no helmet)
rElec    .         Reflect  .   (no cloak)
rCorr    .         Harm     .   (no gloves)
MR       .....                  g - +0 pair of boots
Stlth    +.........             (no amulet)
HPRegen  0.09/turn              i - -3 ring of evasion (curse)
MPRegen  0.08/turn              (no ring)

@: no status effects
A: thin skeletal structure 1, cold resistance 1
a: no special abilities


You were on level 2 of the Dungeon.
You were not hungry.

You visited 1 branch of the dungeon, and saw 2 of its levels.

You collected 31 gold pieces.

Inventory:

Hand Weapons
 a - a +0 long sword
 m - a cursed -2 spear (weapon)
Missiles
 j - 13 bolts
Armour
 b - a +0 scale mail (worn)
 c - a +1 shield (worn)
 g - a +0 pair of boots (worn)
Jewellery
 i - a cursed -3 ring of evasion (left hand)
Scrolls
 e - a scroll of enchant armour
Potions
 d - a potion of might
Comestibles
 f - a ration
 l - 2 chunks of flesh


   Skills:
 + Level 3.2 Fighting
 + Level 2.8 Long Blades
 + Level 3.1 Armour
 + Level 3.1 Shields


You had 2 spell levels left.
You didn't know any spells.

Dungeon Overview and Level Annotations

Branches:
Dungeon (2/15)

Altars:
Qazlal
Ru
Xom


Innate Abilities, Weirdness & Mutations

You have a somewhat thin skeletal structure. (Dex +2, Stealth)
Your flesh is cold resistant. (rC+)


Message History

The kobold throws a stone.
You block the stone.
Unknown command.
You barely miss the rat. The bat hits you.
* * * LOW HITPOINT WARNING * * *
You block the rat's attack.
The kobold throws a stone.
The stone hits you but does no damage. You block the rat's attack.
Unknown command.
You hit the rat but do no damage. The bat barely misses you. The rat bites you.
* * * LOW HITPOINT WARNING * * *
Unknown command.
You hit the rat.
You kill the rat!
The bat hits you but does no damage. You block the kobold's attack.
Unknown command.
The kobold hits you but does no damage. You block the bat's attack.
Things that are here:
3 stones; a rat corpse; a kobold corpse Unknown command.
You block the bat's attack. The kobold hits you with a dagger.
You die...

....# #.#.#
###.#.# . .....#
... #.#..#
#...####.#..#
........(..)#
........b(K.#
....>.##.#@###...
..... #..........
.... ###.###....
... #.# .. .. ...
. ..## ###


You could see a bat and a kobold.

Vanquished Creatures
  A hound skeleton (D:2)
  A gnoll (D:1)
  An ooze (D:1)
  A dart slug (D:1)
  3 bats (D:1)
  10 goblins
  2 hobgoblins (D:1)
  2 jackals (D:1)
  A quokka (D:2)
  2 frilled lizards
  3 kobolds
  4 rats
31 creatures vanquished.

Notes
Turn   | Place    | Note
-------+----------+-------------------------------------------
     0 | D:1      | Peloso the Demonspawn Fighter began the quest for the Orb.
     0 | D:1      | Reached XP level 1. HP: 18/18 MP: 1/1
   137 | D:1      | Gained mutation: You have a somewhat thin skeletal structure. (Dex +2, Stealth) [demonic ancestry]
   137 | D:1      | Reached XP level 2. HP: 18/24 MP: 2/2
   413 | D:1      | Found a glowing silver altar of Zin.
   416 | D:1      | Found a stormy altar of Qazlal.
   416 | D:1      | Found a shimmering altar of Xom.
   418 | D:1      | Found a white marble altar of Elyvilon.
   418 | D:1      | Found a sacrificial altar of Ru.
   418 | D:1      | Found a shimmering altar of Xom.
   487 | D:1      | Gained mutation: Your flesh is cold resistant. (rC+) [demonic ancestry]
   487 | D:1      | Reached XP level 3. HP: 29/29 MP: 3/3
   948 | D:2      | HP: 1/29 [rat (2)]
   951 | D:2      | Slain by a kobold

Skill      XL: |  1  2 |
---------------+-------+-----
Long Blades    | 2 |  2.8
Armour         | 3 |  3.1
Shields        | 3 |  3.1
Fighting       | |  3.2

Action                   || total
-------------------------++-------
Melee: Long sword        ||    63
       Spear             ||    35
  Use: Scroll            ||     3
Armor: Scale mail        ||    82
Dodge: Dodged            ||    33
Block: Shield            ||    82
       Rpst.: Long sword ||     4
